 Dungeon Crawl Stone Soup version 0.30-a0-1016-gfb0d676c02 (webtiles) character file.

Game seed: 13822147383689637818

2059 ytrimaz the Cleaver (level 9, -1/64 HPs)
             Began as a Formicid Fighter on Apr 7, 2023.
             Slain by a hellwing (7 damage)
             ... summoned by a kobold demonologist
             ... on level 6 of the Dungeon.
             The game lasted 00:05:12 (5779 turns).

ytrimaz the Cleaver (Formicid Fighter)              Turns: 5779, Time: 00:05:12

Health: -1/64      AC:  5    Str: 37      XL:     9   Next: 49%
Magic:  9/9        EV: 10    Int:  7      God:
Gold:   749        SH:  6    Dex: 12 (13) Spells: 8/8 levels left

rFire   . . .      SeeInvis +    a - +0 war axe
rCold   . . .      Faith    .    c - +1 buckler
rNeg    . . .      Spirit   .    f - +0 ring mail "Zafeclif" {Regen+ Str+5 SInv Stlth+}
rPois   .          Reflect  .    (helmet unavailable)
rElec   .          Rampage  .    (no cloak)
rCorr   .                        (no gloves)
Will    .....                    (no boots)
Stlth   ++                       d - amulet of regeneration
HPRegen 1.90/turn                m - +6 ring of strength
MPRegen 0.11/turn                (no ring)

@: no status effects
A: permanent stasis, dig shafts and tunnels, antennae 3, four strong arms
a: Dig, Shaft Self


You were on level 6 of the Dungeon.
You visited 1 branch of the dungeon, and saw 6 of its levels.

You collected 1013 gold pieces.
You spent 264 gold pieces at shops.


Innate Abilities, Weirdness & Mutations

You cannot be hasted, slowed, berserked, paralysed or teleported.
You can dig through walls and to a lower floor.
You have a pair of large antennae on your head. (SInv)
Your four strong arms can wield two-handed weapons with a shield.


   Skills:
 - Level 3.2 Fighting
 + Level 12.0 Axes
 - Level 3.2 Armour
 - Level 4.0 Shields


You had 8 spell levels left.
You didn't know any spells.
Your spell library contained the following spells:

 Spells                   Type           Power      Damage    Failure   Level
 Magic Dart               Conj           0%         1d3       58%         1
 Sting                    Tmut/Pois      0%         1d3       58%         1
 Poisonous Vapours        Pois/Air       0%         N/A       75%         2
 Searing Ray              Conj           0%         2d4       75%         2
 Sublimation of Blood     Necr           0%         N/A       75%         2
 Mephitic Cloud           Conj/Pois/Air  0%         N/A       92%         3
 Fulminant Prism          Conj/Hex       0%         3d5       100%        4
 Olgreb's Toxic Radiance  Pois           0%         N/A       100%        4
 Petrify                  Tmut/Erth      0%         N/A       100%        4
 Freezing Cloud           Conj/Ice/Air   0%         6-21      100%        5
 Irradiate                Conj/Tmut      0%         3d11      100%        5

Inventory:

Hand Weapons
 a - a +0 war axe (weapon)
Missiles
 g - a throwing net (quivered)
Armour
 b - a +0 scale mail
 c - a +1 buckler (worn)
 f - the +0 ring mail "Zafeclif" (worn) {Regen+ Str+5 SInv Stlth+}
   (You found it on level 5 of the Dungeon)

   Str:       It affects your strength (+5).
   SInv:      It lets you see invisible.
   Regen:     It increases your rate of health regeneration.
   Stlth:     It makes you more stealthy.
Jewellery
 d - an amulet of regeneration (around neck)
   (You bought it in a shop on level 5 of the Dungeon)
 m - a +6 ring of strength (left hand)
   (You found it on level 5 of the Dungeon)
Scrolls
 i - a scroll of amnesia
 n - a scroll of enchant armour
 q - a scroll of identify
 s - a scroll of teleportation {unknown}
Potions
 e - a potion of magic
 h - a potion of berserk rage {unknown}
 j - 2 potions of curing {unknown}
 k - 4 potions of haste {unknown}
 l - 2 potions of cancellation {unknown}
 o - a potion of brilliance {unknown}
 p - a potion of degeneration {unknown}
 r - a potion of heal wounds

Dungeon Overview and Level Annotations

Branches:
Dungeon (6/15) Zot: 26794
 Temple: D:4-7

Altars:
Dithmenos
Yredelemnul

Shops:
D:1 : D:5

* ############# ..#8..8#....
.'....'.. o....'. #oK.O#
#.oK.# {{{#5@5.# {{ { #..4.#
.. { #....# { { #'
###########''''#############.
.......!...................#.
~≈~~~≈~~≈~~....~~~~~~~~≈~~~##
~≈≈≈≈≈~≈≈≈~....≈~≈≈≈≈≈≈≈≈≈≈≈≈
≈~~~~~~~≈≈~....~≈~~≈≈~~~~≈≈≈~
...........)†................


You could see a hellwing (summoned), a kobold demonologist, an orc warrior, a
kobold brigand, an ogre, an orc priest, an orc wizard (invisible), a quasit
(summoned) and an ufetubus (summoned).


Message History

You barely miss the howler monkey. You closely miss the howler monkey.
The howler monkey barely misses you. x2
You slice the howler monkey!!
You kill the howler monkey!
You slice the howler monkey!!
You kill the howler monkey!
An orc comes into view. It is wielding a +0 hand axe.
Your Axes skill increases to level 12!
Unknown command.
An orc is nearby!
Unknown command.
You slash the orc!
You kill the orc!
No target in view!
Things that are here:
a +0 hand axe; an orc corpse No target in view!
Unknown command.
Things that are here:
a +0 hand axe; an orc corpse
r - a potion of heal wounds No target in view!
You sense a monster nearby.
You sense a monster nearby.
s - a scroll labelled ERYOZI ARCHI An orc warrior comes into view.
It is wielding a +0 glaive.
An orc warrior is nearby!
The orc wizard shouts!
You hear a shout!
The orc wizard casts a spell.
The orc wizard flickers and vanishes for a moment.
A kobold demonologist comes into view. It is wielding a +0 dagger.
There is a huge open gate here.
The orc wizard casts a spell at you.
You easily resist.
The orc warrior shouts!
You hear a shout!
The kobold demonologist looks encouraged for a moment.
The orc wizard casts a spell at you. The puff of flame hits you! 😕 HP[-12]
You take 12 damage, and now have 52/64 hp.
You slash the kobold demonologist!
The orc warrior hits you from afar with a +0 glaive.
The kobold demonologist barely misses you.
An orc priest comes into view. It is wielding a +0 club. 😕 HP[-1]
You take 1 damage, and now have 51/64 hp.
Unknown command.
You barely miss the kobold demonologist.
You hit the orc wizard but do no damage. 😕 HP[+2]
You regained 2 hp, and now have 53/64 hp.
You closely miss the kobold demonologist.
You closely miss the orc wizard.
The kobold demonologist gestures wildly while chanting.
The orc warrior hits you from afar with a +0 glaive!
You block the orc wizard's attack. 😮 HP[-6]
You take 6 damage, and now have 47/64 hp.
You barely miss the kobold demonologist.
You closely miss the orc wizard. You barely miss the hellwing.
The kobold demonologist gestures wildly while chanting.
A kobold brigand comes into view.
It is wielding a +0 dagger and quivering curare-tipped darts.
The orc wizard completely misses you. You block the orc warrior's attack.
An ogre comes into view.
It is wielding a +0 giant spiked club. 😮 HP[+1] Unknown command.
You slash the kobold demonologist! You barely miss the hellwing.
You hit the quasit but do no damage. You slash the orc wizard!
The hellwing barely misses you. The hellwing hits you.
You block the kobold demonologist's attack.
The orc wizard hits you but does no damage.
The orc warrior hits you from afar with a +0 glaive!!
* * * LOW HITPOINT WARNING * * *
The quasit closely misses you. x2
The quasit claws you but does no damage. 😨 HP[-22]
You take 22 damage, and now have 26/64 hp.
MASSIVE DAMAGE!! (PAUSE)
Okay, then.
Are you sure you want to shaft yourself?
The ufetubus barely misses you.
The ufetubus hits you but does no damage.
You block the hellwing's attack. The hellwing hits you.
* * * LOW HITPOINT WARNING * * *
The kobold demonologist miscasts a cantrip.
The orc wizard hits you with a +0 dagger.
* * * LOW HITPOINT WARNING * * *
The orc warrior hits you from afar with a +0 glaive!
* * * LOW HITPOINT WARNING * * *
The quasit bites you.
* * * LOW HITPOINT WARNING * * *
You feel clumsy.
The quasit claws you but does no damage.
The quasit misses you.
You begin to dig a shaft.
You continue digging a shaft.
The ufetubus hits you.
* * * LOW HITPOINT WARNING * * *
The ufetubus hits you but does no damage.
The hellwing barely misses you. The hellwing hits you!
You die...

Skill      XL: |  1  2  3  4  5  6  7  8  9 |
---------------+----------------------------+-----
Axes           | 3 4 6 7 8 10 12 | 12.0
Fighting       | |  3.2
Armour         | |  3.2
Shields        | |  4.0

Action                     |  1- 3 |  4- 6 |  7- 9 || total
---------------------------+-------+-------+-------++-------
  Melee: War axe           |    88 |    60 |   246 ||   394
  Throw: Throwing net      |       |       |     1 ||     1
Ability: Shaft Self        |       |       |     1 ||     1
    Use: Scroll            |     1 |     2 |     9 ||    12
         Potion            |       |       |     4 ||     4
   Stab: Invisible         |       |       |     4 ||     4
 Armour: Scale mail        |    43 |    11 |    57 ||   111
         Ring mail         |       |       |    16 ||    16
  Dodge: Dodged            |    32 |    24 |   115 ||   171
  Block: Buckler           |    12 |    13 |    76 ||   101

Levels and vault maps discovered:
D:1:      dpeg_arrival_snail, layout_loops_ring, serial_shops, shop
D:2:      layout_basic
D:3:      layout_basic, dreamdust_mushroom_princess, corexii_corridor_pit,
          minivault_23, uniq_sigmund, uniq_natasha
D:4:      layout_loops_ring, grunt_dithmenos_smoke_and_mirrors,
          lemuel_crystal_altar, minmay_pentangle
D:5:      dreamdust_elfheim, layout_basic, serial_shops, shop,
          chequers_serial_rivers_micro_c
D:6:      lemuel_castle_with_subvaults [lemuel_castle_interior_carwin_2],
          layout_basic, uniq_duvessa

Notes
Turn   | Place    | Note
-------+----------+-------------------------------------------
     0 | D:1      | ytrimaz the Formicid Fighter began the quest for the Orb.
     0 | D:1      | Reached XP level 1. HP: 18/18 MP: 1/1
     0 | D:1      | magus.rc [v1.9.6]
   230 | D:1      | Reached XP level 2. HP: 23/24 MP: 2/2
   278 | D:1      | Reached skill level 3 in Axes
   616 | D:1      | Found Tese Hox's Book Shoppe.
   661 | D:1      | Reached XP level 3. HP: 28/29 MP: 3/3
  1429 | D:2      | Identified the +1 robe of the Skies Above {*Slow rElec
                  | rPois rCorr}
  1975 | D:3      | Reached skill level 4 in Axes
  1975 | D:3      | Reached XP level 4. HP: 35/35 MP: 4/4
  1975 | D:3      | Noticed Natasha
  1983 | D:3      | Killed Natasha
  1998 | D:3      | Noticed Sigmund
  2007 | D:3      | Killed Sigmund
  2008 | D:3      | Reached skill level 6 in Axes
  2008 | D:3      | Reached XP level 5. HP: 20/41 MP: 5/5
  2008 | D:3      | Reached XP level 6. HP: 23/47 MP: 6/6
  2046 | D:3      | Noticed Natasha
  2049 | D:3      | Killed Natasha
  2118 | D:3      | Noticed Natasha
  2131 | D:3      | Killed Natasha
  2234 | D:3      | You add the spells Sting, Poisonous Vapours and Olgreb's
                  | Toxic Radiance to your library.
  2955 | D:3      | Identified a scroll of acquirement
  3127 | D:4      | Reached skill level 7 in Axes
  3127 | D:4      | Reached XP level 7. HP: 35/52 MP: 7/7
  3215 | D:4      | Found a basalt altar of Yredelemnul.
  3503 | D:4      | You pick up a book of Vapours and begin reading...
  3503 | D:4      | You add the spells Mephitic Cloud and Freezing Cloud to
                  | your library.
  3885 | D:4      | You pick up a book of Alchemy and begin reading...
  3885 | D:4      | You add the spells Sublimation of Blood, Petrify and
                  | Irradiate to your library.
  3929 | D:4      | Reached skill level 8 in Axes
  4153 | D:4      | Reached XP level 8. HP: 55/58 MP: 8/8
  4286 | D:4      | Found a shadowy altar of Dithmenos.
  4342 | D:4      | Acquired 827 gold pieces
  4360 | D:5      | Entered Level 5 of the Dungeon
  4505 | D:5      | Reached skill level 9 in Axes
  4658 | D:5      | Noticed Duvessa
  4670 | D:5      | Killed Duvessa
  4670 | D:5      | Noticed Dowan
  4725 | D:5      | Found Ceolonaotu's Assorted Antiques.
  4754 | D:5      | HP: 14/58 [orc/+0 dagger (2)]
  4759 | D:5      | HP: 14/58 [orc priest/+0 flail (2)]
  4923 | D:5      | Bought a lumpy cabochon amulet for 150 gold pieces
  4923 | D:5      | Bought 2 bubbling blue potions for 54 gold pieces
  4923 | D:5      | Bought a scroll of identify for 60 gold pieces
  5010 | D:5      | HP: 3/58 [Dowan/shard of ice (23)]
  5022 | D:5      | Killed Dowan
  5026 | D:5      | HP: 12/58 [black bear (4)]
  5030 | D:5      | Reached skill level 10 in Axes
  5092 | D:5      | Identified the +0 ring mail "Zafeclif" {Regen+ Str+5 SInv
                  | Stlth+}
  5444 | D:5      | Reached XP level 9. HP: 64/64 MP: 9/9
  5590 | D:6      | Reached skill level 11 in Axes
  5653 | D:6      | You pick up a book of Conjurations and begin reading...
  5653 | D:6      | You add the spells Magic Dart, Searing Ray and Fulminant
                  | Prism to your library.
  5748 | D:6      | Reached skill level 12 in Axes
  5769 | D:6      | Noticed a kobold demonologist
  5776 | D:6      | Noticed a hellwing
  5778 | D:6      | HP: 8/64 [orc warrior/+0 glaive (14)]
  5779 | D:6      | Slain by a hellwing

Vanquished Creatures
  Sigmund (D:3)
  Duvessa (D:5)
  2 black bears
  A sky beast (D:6)
  An ice beast (D:5)
  2 ogres
  3 phantoms
  A kobold brigand (D:5)
  A bullfrog (D:4)
  3 scorpions
  Dowan (D:5)
  4 howler monkeys (D:6)
  2 orc priests (D:5)
  A hound (D:4)
  A gnoll bouda (D:5)
  A jelly (D:5)
  2 iguanas (D:4)
  An orc wizard (D:6)
  A sleepcap (D:4)
  Natasha (thrice) (D:3)
  5 gnolls
  4 adders
  2 ufetubi
  A worm (D:2)
  3 dart slugs
  20 orcs
  7 endoplasms
  2 giant cockroaches
  7 goblins
  6 hobgoblins
  5 jackals
  15 kobolds
  3 quokkas
  3 ball pythons
  3 bats
  2 frilled lizards
  A rat (D:2)
122 creatures vanquished.

Vanquished Creatures (others)
  A plant (D:6)
1 creature vanquished.

Grand Total: 123 creatures vanquished

Table legend:
 A = Non-vault XP
 B = Vault XP
 C = Vault XP percentage of total XP
 D = Non-vault monster count
 E = Vault monster count
 F = Vault count percentage of total count
                 A         B        C        D         E       F
            +---------+---------+-------+---------+---------+-------
      Total |    1970 |     972 |  33.0 |     104 |      18 |  14.8
            +---------+---------+-------+---------+---------+-------
        D:1 |      30 |       0 |   0.0 |      17 |       0 |   0.0
        D:2 |      35 |       0 |   0.0 |      15 |       0 |   0.0
        D:3 |     104 |     266 |  71.9 |      15 |       2 |  11.8
        D:4 |     461 |     263 |  36.3 |      19 |       8 |  29.6
        D:5 |     799 |     208 |  20.7 |      28 |       2 |   6.7
        D:6 |     541 |     235 |  30.3 |      10 |       6 |  37.5
            +---------+---------+-------+---------+---------+-------

Illustrated notes

Table legend:
 A = Kills in this place as a percentage of kills in the entire game.
 B = Kills by you in this place as a percentage of kills by you in the entire game.
 C = Kills by friends in this place as a percentage of kills by friends in the entire game.
 D = Other kills in this place as a percentage of other kills in the entire game.
 E = Experience gained in this place as a percentage of experience gained in the entire game.
 F = Experience gained in this place divided by the number of levels of this place that you have seen.
                   A       B       C       D       E      F
               +-------+-------+-------+-------+-------+----------------------
         Total | 100.0 | 100.0 |   N/A |   N/A | 100.0 | 490.3
       Dungeon | 100.0 | 100.0 |   N/A |   N/A | 100.0 | 490.3
               +-------+-------+-------+-------+-------+----------------------

Table legend: (Time is in decaauts)
 A = Elapsed time spent in this place.
 B = Non-inter-level travel time spent in this place.
 C = Inter-level travel time spent in this place.
 D = Time resting spent in this place.
 E = Time spent auto-exploring this place.
 F = Levels seen in this place.
 G = Mean time per level.
                   A        B        C        D        E       F      G
               +--------+--------+--------+--------+--------+-----+--------+
         Total |   5836 |   5704 |    132 |    625 |   4064 |   6 |  972.7 |
       Dungeon |   5836 |   5704 |    132 |    625 |   4064 |   6 |  972.7 |
               +--------+--------+--------+--------+--------+-----+--------+

Top non-repeatable levels by time:
     D:3: 1453 daAuts
     D:4: 1399 daAuts
     D:5: 1080 daAuts
     D:1: 867 daAuts
     D:2: 831 daAuts
     D:6: 204 daAuts
